 Dungeon Sprint DCSS version 0.14-a0-2542-g51e44bb (webtiles) character file.

968 Kae the Covert (level 7, -7/32 HPs)
             Began as a Spriggan Enchanter on Feb 10, 2014.
             Mangled by an elephant slug (21 damage)
             ... in the Dungeon (Sprint I: "Red Sonja").
             The game lasted 00:01:21 (629 turns).

Kae the Covert (Spriggan Enchanter)                  Turns: 629, Time: 00:01:21

HP  -7/32        AC  3     Str  6      XL: 7   Next: 32%
MP   4/25        EV 18     Int 16      God:
Gold 297         SH  0     Dex 17      Spells:  3 memorised, 15 levels left

rFire  . . .     SeeInvis +     a - +1 dagger
rCold  . . .     Clarity  .     b - +1 robe
rNeg   . . .     Conserve .     (shield restricted)
rPois  .         rCorr    .     (helmet restricted)
rElec  .         rRot     .     (no cloak)
SustAb . .       Spirit   .     (gloves unavailable)
rMut   .         Warding  .     (boots unavailable)
Saprov . . .     NoTele   +     (no amulet)
MR     +....                    (no ring)
                                (no ring)

@: very quick, somewhat resistant to hostile enchantments, extraordinarily
stealthy
A: unfitting armour, see invisible, herbivore 3, speed 3, slow metabolism 2
a: no special abilities


You were in the Dungeon.
You were not hungry.

You visited 1 branch You collected 297 gold pieces.

Inventory:

Hand weapons
 a - a +1,+1 dagger (weapon)
Missiles
 d - 12 darts (quivered)
Armour
 b - a +1 robe (worn)
Scrolls
 k - a scroll of blinking
Potions
 e - a potion of porridge
 f - a potion of curing
 g - a potion of heal wounds
 h - a potion of speed
 i - 2 potions of magic
 j - a potion of berserk rage
Books
 c - a book of Maledictions

   Spells                             Type                      Level
   *Corona                            Hexes                        1
   Sure Blade                         Hexes/Charms                 2
   *Ensorcelled Hibernation           Hexes/Ice                    2
   *Confuse                           Hexes                        3
   Enslavement                        Hexes                        4
   Invisibility                       Hexes                        6


   Skills:
 * Level 10.3 Short Blades
 - Level 1.1 Throwing
 - Level 3.0 Dodging
 * Level 14.3 Stealth
 + Level 7.8 Spellcasting
 + Level 8.2 Hexes


You had 15 spell levels left.
You knew the following spells:

 Your Spells              Type           Power        Failure   Level  Hunger
a - Corona                Hex            ####...      1%          1    None
b - Ensorcelled Hibernat  Hex/Ice        ###...       3%          2    None
c - Confuse               Hex            ####....     1%          3    ##.....


Dungeon Overview and Level Annotations

Branches:
Dungeon (1/1)

Altars:
Elyvilon
Fedhas
Makhleb
Sif Muna
Trog
Zin
The Shining One

Shops:
D (


Innate Abilities, Weirdness & Mutations

You are tiny and cannot use many weapons and most armour.
You have supernaturally acute eyesight.
You are a herbivore.
You cover ground extremely quickly.
You need consume almost no food.


Message History

Aiming: Confuse
Press: ? - help, Shift-Dir - straight line, f/p - elephant slug
Aim: an elephant slug (almost dead)
The elephant slug resists with almost no effort.
The elephant slug bites you!
Ouch! That really hurt!
Casting: Confuse
Confirm with . or Enter, or press ? or * to list all spells.
Aiming: Confuse
Press: ? - help, Shift-Dir - straight line, f/p - elephant slug
Aim: an elephant slug (severely wounded)
The elephant slug resists with almost no effort.
Casting: Confuse
Confirm with . or Enter, or press ? or * to list all spells.
Aiming: Confuse
Press: ? - help, Shift-Dir - straight line, f/p - elephant slug
Aim: an elephant slug (severely wounded)
The elephant slug appears confused.
The elephant slug bites you!
Ouch! That really hurt!
You die...

###################
#<.#.)'..#.)'..#__#
#..'..#.)@j.#..'..+
#..#####'#####'#__#
#..# #..#...#(####
#..#_.####..##[#
#..#.....##'#..+
#⌠⌠#_.∩...'..._#
####.....##_.#+#
#_._. ##+# ####


You could see an elephant slug (confused).

Vanquished Creatures
  A giant amoeba (D)
  An ogre (D)
  Sigmund (D)
  A jelly (D)
  Ijyb (D)
5 creatures vanquished.

Notes
Turn   | Place    | Note
--------------------------------------------------------------
     0 | D        | Kae, the Spriggan Enchanter, began the quest for the Orb.
     0 | D        | Reached XP level 1. HP: 9/9 MP: 4/4
     2 | D        | Noticed Ijyb
    13 | D        | Killed Ijyb
    13 | D        | Reached skill level 6 in Stealth
    13 | D        | Reached XP level 2. HP: 5/13 MP: 5/7
   211 | D        | Learned a level 2 spell: Ensorcelled Hibernation
   211 | D        | Noticed an ogre
   214 | D        | Killed an ogre
   214 | D        | Reached skill level 9 in Stealth
   214 | D        | Reached skill level 5 in Hexes
   214 | D        | Reached XP level 3. HP: 16/16 MP: 7/12
   214 | D        | Reached XP level 4. HP: 21/21 MP: 8/15
   266 | D        | Noticed Sigmund
   269 | D        | Killed Sigmund
   269 | D        | Reached skill level 10 in Stealth
   269 | D        | Reached skill level 5 in Spellcasting
   269 | D        | Reached XP level 5. HP: 24/24 MP: 16/19
   300 | D        | Found a deep blue altar of Sif Muna.
   300 | D        | Found a glowing silver altar of Zin.
   300 | D        | Found a burning altar of Makhleb.
   300 | D        | Found a blossoming altar of Fedhas.
   300 | D        | Noticed a giant amoeba
   303 | D        | Killed a giant amoeba
   303 | D        | Reached skill level 10 in Short Blades
   303 | D        | Reached skill level 14 in Stealth
   303 | D        | Reached XP level 6. HP: 28/28 MP: 20/24
   303 | D        | Reached XP level 7. HP: 32/32 MP: 20/25
   332 | D        | Found a white marble altar of Elyvilon.
   332 | D        | Noticed a jelly
   334 | D        | Found a glowing golden altar of the Shining One.
   338 | D        | Killed a jelly
   357 | D        | Found Boysir's Antique Weapon Emporium.
   357 | D        | Found a glowing silver altar of Zin.
   357 | D        | Found a bloodstained altar of Trog.
   357 | D        | Found a deep blue altar of Sif Muna.
   357 | D        | Noticed an elephant slug
   358 | D        | Found a bloodstained altar of Trog.
   534 | D        | Learned a level 3 spell: Confuse
   629 | D        | Mangled by an elephant slug

Action                   |  1- 3 |  4- 6 |  7- 9 || total
-------------------------+-------+-------+-------++-------
Melee: Dagger            |    10 |     2 |     3 ||    15
 Cast: Corona            |     1 |       |       ||     1
       Ensorcelled Hiber |       |       |    27 ||    27
       Confuse           |       |       |     5 ||     5
 Stab: Sleeping          |     2 |     2 |     2 ||     6
